 Dungeon Crawl Stone Soup version 0.30-a0-782-ge64f9170bb (webtiles) character file.

Game seed: 4454183624202643031

162 mopl the Vexing (level 5, -6/28 HPs)
             Began as a Deep Elf Enchanter on Mar 10, 2023.
             Killed from afar by Pikel (17 damage)
             ... with a bolt of acid
             ... on level 4 of the Dungeon.
             The game lasted 00:03:51 (2024 turns).

mopl the Vexing (Deep Elf Enchanter)                Turns: 2024, Time: 00:03:52

Health: -6/28      AC:  3    Str:  5    XL:     5   Next: 19%
Magic:  12/13      EV: 12    Int: 22    God:
Gold:   179        SH:  0    Dex: 15    Spells: 2/13 levels left

rFire   . . .      SeeInvis .    a - +2 dagger (elec)
rCold   . . .      Faith    .    (no shield)
rNeg    . . .      Spirit   .    b - +0 robe
rPois   .          Reflect  .    (no helmet)
rElec   .          Harm     .    (no cloak)
rCorr   .          Rampage  .    d - +0 pair of gloves
Will    +....                    (no boots)
Stlth   +++                      (no amulet)
HPRegen 0.24/turn                l - ring of willpower
MPRegen 0.13/turn                n - ring of wizardry

@: invisible
A: no striking features
a: no special abilities


You were on level 4 of the Dungeon.
You visited 1 branch of the dungeon, and saw 4 of its levels.

You collected 179 gold pieces.

Inventory:

Hand Weapons
 a - a +2 dagger of electrocution (weapon)
Missiles
 e - 4 boomerangs of dispersal
 B - 7 poisoned darts
Armour
 b - a +0 robe (worn)
 d - a +0 pair of gloves (worn)
Jewellery
 l - a ring of willpower (left hand)
 n - a ring of wizardry (right hand)
Wands
 w - a wand of polymorph (4)
Scrolls
 f - 2 scrolls of amnesia {unknown}
 g - a scroll of torment {unknown}
 h - 2 scrolls of identify {unknown}
 j - a scroll of enchant weapon {unknown}
 k - 2 scrolls of blinking {unknown}
 m - 2 scrolls of noise {unknown}
 o - a scroll of acquirement {unknown}
 q - a scroll of enchant armour {unknown}
 s - a scroll of poison {unknown}
 t - 2 scrolls of teleportation {unknown}
 u - 3 scrolls of silence {unknown}
 v - 2 scrolls of fear {unknown}
 x - a scroll of magic mapping {unknown}
 y - a scroll of immolation {unknown}
Potions
 c - a potion of invisibility
 i - 3 potions of might {unknown}
 p - a potion of flight {unknown}
 r - a potion of magic {unknown}
 z - a potion of ambrosia {unknown}
 A - a potion of cancellation {unknown}
 C - a potion of berserk rage {unknown}


   Skills:
 + Level 2.5 Short Blades
 - Level 2.4 Dodging
 + Level 4.9 Stealth
 + Level 4.5 Spellcasting
 + Level 5.2 Hexes


You had 2 spell levels left.
You knew the following spells:

 Your Spells              Type           Power      Damage    Failure   Level
a - Dazzling Flash        Conj/Hex       32%        N/A       4%          3
b - Ensorcelled Hibernat  Hex/Ice        32%        N/A       2%          2
c - Confusing Touch       Hex            28%        N/A       1%          3
d - Tukima's Dance        Hex            28%        N/A       1%          3

Your spell library contained the following spells:

 Spells                   Type           Power      Damage    Failure   Level
 Kindle Blastsparks       Fire/Tloc/Air  8%         2d10      13%         3
 Fulminant Prism          Conj/Hex       8%         3d7       14%         4
 Leda's Liquefaction      Hex/Erth       8%         N/A       14%         4
 Iskenderun's Mystic Bla  Conj/Tloc      4%         2d3       38%         4
 Lee's Rapid Deconstruct  Erth           2%         3d4*      71%         5
 Statue Form              Tmut/Erth      2%         N/A       99%         6


Dungeon Overview and Level Annotations

Branches:
Dungeon (4/15)
 Temple: D:4-7

Altars:
Dithmenos

Annotations:
D:4 2 runed translucent doors, Pikel


Message History

Press: ? - help, Shift-Dir - straight line, f - Pikel
Aim: Pikel, wielding a +1 whip of electrocution, wearing a +0 robe and carrying a wand of acid (9) (wandering, hasn't noticed you, chance to affect: 59%) Pikel shouts!
The +1 whip of electrocution dances into the air!
You hear a shout!
Something closely misses Pikel.
You fade into invisibility!
Pikel zaps a wand.
The bolt of acid hits you!
Pikel zaps a wand.
The bolt of acid misses you.
Your +1 whip of electrocution closely misses Pikel.
The lemure barely misses your +1 whip of electrocution.
Pikel misses you.
You closely miss Pikel.
Your +1 whip of electrocution closely misses Pikel.
The lemure hits your +1 whip of electrocution.
Pikel hits you.
You are too injured to fight recklessly!
You are too injured to fight recklessly!
You are too injured to fight recklessly!
You hit Pikel.
Pikel is lightly wounded.
Your +1 whip of electrocution hits Pikel.
The lemure closely misses your +1 whip of electrocution.
Pikel hits you.
You hit Pikel but do no damage. Lightning courses through Pikel!
Pikel is heavily wounded.
Your +1 whip of electrocution hits Pikel but does no damage.
Lightning courses through Pikel!
The lemure hits your +1 whip of electrocution.
Pikel hits your +1 whip of electrocution!
Your +1 whip of electrocution falls from the air.
Pikel shouts!
You barely miss Pikel.
The lemure shouts!
Your punch misses Pikel.
Pikel is severely wounded.
Pikel checks his coin pouch and frowns.
Pikel zaps a wand.
The bolt of acid hits you!
Ouch! That really hurt!
You die...

##############
#............#
#..########..#
#.## g... ##.# #.#
#..# #.# #.# #..#
#@# ##.# #..# #K#
############ ##..#
#..# #)#
#..........#
##...####++####5#
#..........#
#......8#..#8.55#
#..........#
##......'....'.5.#
#...........
........8####8...#
#...........
...............†.#
#...........
..............>..#
#...........


You could see Pikel (unable to see you) and 4 lemures.

Vanquished Creatures
  A bullfrog (D:3)
  2 adders
  3 worms (D:3)
  A dart slug (D:3)
  An orc (D:3)
  8 ball pythons
  4 bats
  8 endoplasms
  6 giant cockroaches
  5 goblins
  3 hobgoblins
  6 kobolds
  4 quokkas
  4 frilled lizards
  4 rats
60 creatures vanquished.

Vanquished Creatures (others)
  A dancing weapon (D:4)
1 creature vanquished.

Grand Total: 61 creatures vanquished

Notes
Turn   | Place    | Note
-------+----------+-------------------------------------------
     0 | D:1      | mopl the Deep Elf Enchanter began the quest for the Orb.
     0 | D:1      | Reached XP level 1. HP: 10/10 MP: 6/6
   102 | D:1      | Reached XP level 2. HP: 13/15 MP: 8/8
   105 | D:1      | Learned a level 2 spell: Ensorcelled Hibernation
   470 | D:1      | Reached skill level 4 in Stealth
   824 | D:2      | Reached XP level 3. HP: 13/19 MP: 6/10
   828 | D:2      | Learned a level 3 spell: Tukima's Dance
   832 | D:2      | Learned a level 3 spell: Confusing Touch
  1341 | D:3      | Noticed a bullfrog
  1344 | D:3      | Killed a bullfrog
  1345 | D:3      | Reached skill level 2 in Short Blades
  1345 | D:3      | Reached skill level 4 in Spellcasting
  1345 | D:3      | Reached skill level 5 in Hexes
  1345 | D:3      | Reached XP level 4. HP: 17/24 MP: 9/12
  1353 | D:3      | Learned a level 3 spell: Dazzling Flash
  1489 | D:3      | Reached XP level 5. HP: 25/28 MP: 13/13
  1503 | D:3      | Found a faded altar of an unknown god.
  1508 | D:3      | Found a shadowy altar of Dithmenos.
  1874 | D:4      | Found a large runed translucent door.
  1874 | D:4      | Found a large runed translucent door.
  1919 | D:4      | Noticed a lemure
  1920 | D:4      | Noticed Pikel
  1920 | D:4      | Noticed a lemure
  1920 | D:4      | Noticed a lemure
  1921 | D:4      | Noticed a lemure
  2024 | D:4      | Killed from afar by Pikel

Illustrated notes

Levels and vault maps discovered:
D:1:      dpeg_arrival_arbitrary_b, layout_rooms, amethyst_killhole
D:2:      layout_basic, minmay_misc_feat_iff, nicolae_figureground_pulse
D:3:      layout_rooms, nicolae_overflow_ecumenical_swirl,
          minmay_fractal_squares_diagonal_5
D:4:      layout_rooms, jmf_multi_god_temple2, uniq_blork_the_orc, uniq_pikel,
          uniq_sigmund

Skill      XL: |  1  2  3 |
---------------+----------+-----
Stealth        | 4 |  4.9
Short Blades   | 2 |  2.5
Spellcasting   | 4 |  4.5
Hexes          | 5 |  5.2
Dodging        | |  2.4

Action                     |  1- 3 |  4- 6 || total
---------------------------+-------+-------++-------
  Melee: Dagger            |    94 |    49 ||   143
         Punch             |     2 |     2 ||     4
   Cast: Ensorcelled Hiber |    18 |    15 ||    33
         Tukima's Dance    |       |     1 ||     1
    Use: Potion            |       |     1 ||     1
   Stab: Sleeping          |    16 |    12 ||    28
 Armour: Robe              |    25 |     8 ||    33
  Dodge: Dodged            |    59 |    24 ||    83

Table legend: (Time is in decaauts)
 A = Elapsed time spent in this place.
 B = Non-inter-level travel time spent in this place.
 C = Inter-level travel time spent in this place.
 D = Time resting spent in this place.
 E = Time spent auto-exploring this place.
 F = Levels seen in this place.
 G = Mean time per level.
                   A        B        C        D        E       F      G
               +--------+--------+--------+--------+--------+-----+--------+
         Total |   2010 |   1966 |     44 |     97 |   1286 |   4 |  502.5 |
       Dungeon |   2010 |   1966 |     44 |     97 |   1286 |   4 |  502.5 |
               +--------+--------+--------+--------+--------+-----+--------+

Top non-repeatable levels by time:
     D:2: 788 daAuts
     D:3: 555 daAuts
     D:1: 545 daAuts
     D:4: 120 daAuts
